AoeStats
← Honorius

Black Forest

509171162Analyzed
3v3 RM · 7d ago on Sep 25, 2026· 53m 17s· 6 players
Game mode
Random Map
Map size
Normal (6 player)
Population
200
Speed
Normal
Resources
Standard
Victory
Conquest
Starting age
Dark Age
Ending age
Imperial Age
RankedLock teamsTeams togetherTeam positionsShared explorationLock speedFull tech treeHidden civsTurbo modeCheats
Victory
Defeat
🇦🇷 Poles · Argentina
836
+10
🇯🇴 Persians · Jordan
787
+12
🇬🇧 Bohemians · United Kingdom
780
+12
🇨🇱 Teutons · Chile
795
-32
🇨🇱 Franks · Chile
647
-10
🇨🇱 Byzantines · Chile
644
-9
joaqo9909
5:59 Loom
14:17 Feudal Age
16:10 Loom
18:56 Castle Age
18:24 Horse Collar
20:36 Double-Bit Axe
20:49 Loom
22:22 Heavy Plow
23:36 Bow Saw
26:32 Forging
28:18 Wheelbarrow
29:21 Iron Casting
28:46 Scale Mail Armor
31:47 Imperial Age
31:27 Chain Mail Armor
31:18 Scale Barding Armor
33:14 Hand Cart
33:12 Elite Obuch
34:15 Fletching
34:25 Padded Archer Armor
35:29 Crop Rotation
35:30 Bodkin Arrow
36:14 Bracer
36:30 Leather Archer Armor
36:47 Crossbowman
37:37 Thumb Ring
38:51 Ballistics
38:51 Arbalester
40:44 Blast Furnace
40:14 Plate Mail Armor
39:25 Light Cavalry
40:39 Fortified Wall
41:28 Bloodlines
42:31 Plate Mail Armor
42:21 Chain Barding Armor
42:33 Winged Hussar
44:03 Lechitic Legacy
45:29 Town Watch
48:11 Husbandry
49:33 Chemistry
48:47 Masonry
Honorius
0:31 Loom
12:09 Feudal Age
13:01 Horse Collar
13:08 Double-Bit Axe
19:22 Castle Age
21:05 Bow Saw
21:19 Fervor
22:18 Wheelbarrow
23:10 Heavy Plow
26:38 Hand Cart
30:13 Caravan
33:35 Imperial Age
33:25 Pikeman
34:06 Squires
35:18 Chemistry
34:39 Ballistics
35:30 Conscription
35:45 Halberdier
37:33 Siege Engineers
38:52 Masonry
39:51 Houfnice
40:45 Scale Mail Armor
40:56 Forging
41:03 Wagenburg Tactics
42:21 Chain Mail Armor
41:49 Elite Hussite Wagon
42:19 Arson
44:38 Plate Mail Armor
44:44 Iron Casting
45:18 Two-Man Saw
47:50 Blast Furnace
48:12 Theocracy
47:58 Heresy
MR.ESSA
0:29 Loom
12:59 Feudal Age
19:48 Castle Age
19:07 Horse Collar
19:15 Double-Bit Axe
31:56 Imperial Age
30:06 Bow Saw
29:59 Heavy Plow
29:34 Pikeman
30:15 Squires
30:20 Padded Archer Armor
30:10 Fletching
30:31 Forging
30:21 Scale Mail Armor
31:00 Murder Holes
31:52 Wheelbarrow
31:05 Town Watch
31:45 Gold Mining
31:49 Stone Mining
32:02 Bodkin Arrow
32:23 Leather Archer Armor
33:46 Caravan
34:38 Crop Rotation
34:27 Hand Cart
34:15 Town Patrol
35:23 Chemistry
39:04 Scale Barding Armor
38:59 Scale Mail Armor
39:35 Iron Casting
39:31 Ring Archer Armor
40:43 Heavy Cavalry Archer
41:57 Chain Barding Armor
41:53 Chain Mail Armor
43:07 Gold Shaft Mining
43:11 Stone Shaft Mining
42:06 Elite War Elephant
47:14 Blast Furnace
46:45 Plate Mail Armor
47:48 Parthian Tactics
50:57 Plate Barding Armor
50:52 Plate Mail Armor
51:07 Siphons
51:23 Ballistics
50:54 Heated Shot
dfelicep
16:51 Feudal Age
24:40 Castle Age
23:17 Double-Bit Axe
23:24 Gold Mining
23:47 Stone Mining
25:57 Wheelbarrow
26:17 Squires
25:37 Pikeman
35:00 Imperial Age
33:52 Padded Archer Armor
34:03 Forging
33:59 Scale Barding Armor
33:49 Fletching
35:18 Gold Shaft Mining
35:12 Bow Saw
36:32 Conscription
36:48 Hand Cart
37:05 Town Watch
38:53 Chain Barding Armor
39:52 Town Patrol
40:12 Chivalry
41:09 Plate Barding Armor
41:10 Iron Casting
43:51 Scale Mail Armor
44:10 Leather Archer Armor
45:06 Arrowslits
45:02 Treadmill Crane
45:18 Murder Holes
45:33 Elite Throwing Axeman
48:35 Blast Furnace
49:11 Chemistry
48:32 Ballistics
48:52 Bodkin Arrow
50:16 Caravan
nachoverapp
0:36 Loom
12:25 Feudal Age
14:35 Double-Bit Axe
15:46 Horse Collar
22:27 Castle Age
25:18 Stone Mining
25:18 Gold Mining
28:31 Stone Shaft Mining
28:07 Scale Barding Armor
28:14 Forging
30:31 Iron Casting
35:32 Imperial Age
35:20 Gold Shaft Mining
34:58 Bow Saw
36:54 Conscription
42:10 Wheelbarrow
42:03 Chain Barding Armor
41:45 Elite Skirmisher
42:21 Fletching
42:41 Caravan
44:18 Two-Man Saw
43:38 Elite Cataphract
51:38 Chemistry
50:58 Ballistics
50:57 Hand Cart
53:13 Plate Barding Armor
4Oscar_in
16:22 Feudal Age
17:31 Town Watch
18:21 Wheelbarrow
17:29 Horse Collar
17:37 Double-Bit Axe
17:46 Gold Mining
17:47 Stone Mining
22:41 Castle Age
20:29 Loom
23:05 Forging
22:57 Scale Mail Armor
22:20 Man-at-Arms
23:40 Town Patrol
24:24 Gambesons
24:03 Long Swordsman
27:43 Heavy Plow
33:07 Iron Casting
34:22 Masonry
37:40 Imperial Age
36:06 Hand Cart
36:31 Stone Shaft Mining
36:10 Bow Saw
36:26 Squires
36:54 Chain Mail Armor
37:32 Ironclad
37:00 Pikeman
37:49 Elite Teutonic Knight
40:22 Conscription
39:36 Sappers
40:44 Hoardings
42:19 Blast Furnace
41:50 Plate Mail Armor
40:49 Two-Handed Swordsman
41:55 Champion
42:39 Halberdier
43:57 Heated Shot
48:21 Crenellations
Connection lost

Rejoining the realm…

Still unreachable

The connection could not be restored.

Session expired

The server has moved on; the page needs a fresh start.